 Dungeon Crawl Stone Soup version 0.20.1-1-g8b1a95d (webtiles) character file.

212 Jukra the Chopper (level 5, -2/72 HPs)
             Began as a Hill Orc Berserker on Sept 4, 2017.
             Was a Believer of Trog.
             Succumbed to Sigmund's poison
             ... on level 3 of the Dungeon.
             The game lasted 00:05:52 (1696 turns).

Jukra the Chopper (Hill Orc Berserker)              Turns: 1696, Time: 00:05:53

Health: -2/72      AC:  6    Str: 26    XL:     5   Next: 90%
Magic:  5/5        EV: 11    Int:  7    God:    Trog [**....]
Gold:   117        SH:  0    Dex: 10    Spells: 4/4 levels left

rFire    . . .     SeeInvis .   a - +0 hand axe
rCold    . . .     Gourm    .   (no shield)
rNeg     . . .     Faith    .   q - +0 ring mail
rPois    .         Spirit   .   o - +0 helmet
rElec    .         Reflect  .   (no cloak)
rCorr    .         Harm     .   (no gloves)
MR       .....                  (no boots)
Stlth    ..........             (no amulet)
Regen    0.3/turn               (no ring)
MPRegen  0.1/turn               (no ring)

@: berserking, lethally poisoned (-2 -> -49), very quick
A: no striking features
a: Berserk, Trog's Hand, Burn Spellbooks, Renounce Religion


You were on level 3 of the Dungeon.
You worshipped Trog.
Trog was pleased with you.
You were hungry.

You visited 1 branch of the dungeon, and saw 3 of its levels.

You collected 117 gold pieces.

Inventory:

Hand Weapons
 a - a +0 hand axe (weapon)
Armour
 b - a +0 animal skin
 e - a +0 helmet
 o - a +0 helmet (worn)
 p - a +0 ring mail
 q - a +0 ring mail (worn)
 u - a cursed +0 ring mail
Jewellery
 c - an uncursed ring of stealth {unknown}
Scrolls
 d - 3 scrolls of identify {unknown}
 f - 3 scrolls of teleportation {unknown}
 g - a scroll of magic mapping {unknown}
 h - a scroll of remove curse {unknown}
 j - a scroll of enchant armour {unknown}
 l - a scroll of noise {unknown}
 n - a scroll of blinking {unknown}
 s - a scroll of fog {unknown}
Potions
 i - 2 potions of curing {unknown}
 k - 2 potions of brilliance {unknown}
 m - a potion of invisibility {unknown}
 r - a potion of heal wounds {unknown}
Comestibles
 t - a bread ration


   Skills:
 + Level 5.0 Fighting
 + Level 6.7 Axes
 + Level 2.9 Armour
 + Level 1.9 Dodging
 + Level 0.1 Stealth


You had 4 spell levels left.
You didn't know any spells.

Dungeon Overview and Level Annotations

Branches:
Dungeon (3/15)

Altars:
Dithmenos
Uskayaw

Annotations:
D:3 Sigmund


Message History

You hit something but do no damage.
You feel sick. Something hits you!
You are more poisoned.
You hit something.
* * * LOW HITPOINT WARNING * * *
You feel sick. Something hits you.
* * * LOW HITPOINT WARNING * * *
You are more poisoned.
A red film seems to cover your vision as you go berserk!
You feel yourself moving faster!
You feel mighty!
You are feeling hungry.
* * * LOW HITPOINT WARNING * * *
You feel very sick. Something hits you!
* * * LOW HITPOINT WARNING * * *
You are more poisoned.
You miss something.
* * * LOW HITPOINT WARNING * * *
You feel sick. Something barely misses you.
You miss something.
You die...

#.....# #.....# ###.###
# #### #.# .. ... #.####
##. #.# #.##.## # ....
#.#######.#...#### ...@.
#................'
......#@#######.#...####
.._...{.# #.##.## #
......#.# ##.####
......#.# #...# .....
#.# ##.## ##.## #.# #.#
... ..# #.# #. #.# #.#
##.#######.#######


There were no monsters in sight!

Vanquished Creatures
  2 orc wizards (D:3)
  Natasha (D:2)
  The ghost of letownia the Insei, a weakling OpTm (D:3)
  Robin (D:2)
  3 adders (D:2)
  2 oozes (D:1)
  A worm (D:1)
  4 dart slugs
  A leopard gecko (D:1)
  An orc (D:3)
  7 bats
  A giant cockroach (D:2)
  11 hobgoblins
  3 jackals (D:1)
  5 frilled lizards
  12 goblins
  3 kobolds
  3 rats
62 creatures vanquished.

Notes
Turn   | Place    | Note
-------+----------+-------------------------------------------
     0 | D:1      | Jukra the Hill Orc Berserker began the quest for the Orb.
     0 | D:1      | Reached XP level 1. HP: 19/19 MP: 1/1
    91 | D:1      | Reached XP level 2. HP: 18/27 MP: 2/2
   193 | D:1      | Reached XP level 3. HP: 16/33 MP: 3/3
   333 | D:1      | Reached skill level 5 in Axes
   345 | D:1      | Reached ** piety under Trog
   617 | D:2      | Noticed Robin
   620 | D:2      | Reached XP level 4. HP: 41/41 MP: 4/4
   633 | D:2      | Killed Robin
  1012 | D:2      | Noticed Natasha
  1036 | D:2      | HP: 3/61 [Natasha (1)]
  1037 | D:2      | HP: 1/61 [Natasha (2)]
  1039 | D:2      | Killed Natasha
  1039 | D:2      | Reached skill level 6 in Axes
  1039 | D:2      | Reached XP level 5. HP: 2/47 MP: 5/5
  1414 | D:3      | Found a shadowy altar of Dithmenos.
  1414 | D:3      | Noticed letownia's ghost (weakling OpTm)
  1427 | D:3      | Killed letownia's ghost
  1534 | D:3      | Reached skill level 5 in Fighting
  1679 | D:3      | Found a hide-covered altar of Uskayaw.
  1680 | D:3      | Noticed Sigmund
  1694 | D:3      | HP: 3/72 [something (7)]
  1695 | D:3      | HP: 1/72 [poisoned by Sigmund]
  1696 | D:3      | Succumbed to Sigmund's poison

Skill      XL: |  1  2  3  4  5 |
---------------+----------------+-----
Fighting       | 4 5 |  5.0
Axes           | 5 6 |  6.7
Armour         | |  2.9
Dodging        | |  1.9
Stealth        | |  0.1

Action                   |  1- 3 |  4- 6 || total
-------------------------+-------+-------++-------
Melee: Hand axe          |    87 |   137 ||   224
Invok: Berserk           |     1 |     2 ||     3
  Eat: Bread ration      |       |     1 ||     1
Armor: Animal skin       |    26 |     2 ||    28
       Ring mail         |       |    52 ||    52
Dodge: Dodged            |    51 |    86 ||   137
